 Dungeon Crawl Stone Soup version 0.13-a0-3076-g221303f (webtiles) character file.

222 Malachi the Chiller (level 3, 19/19 HPs)
             Began as a Gargoyle Ice Elementalist on Sept 16, 2013.
             Got out of the dungeon alive.
             The game lasted 00:07:18 (3147 turns).

Malachi the Chiller (Gargoyle Ice Elementalist)     Turns: 3147, Time: 00:07:18

HP  19/19        AC  6     Str 11      XL: 3   Next: 95%
MP   6/6         EV 12     Int 16      God:
Gold 166         SH  0     Dex 10      Spells:  2 memorised,  2 levels left

Res.Fire  : . . .   See Invis. : .   (no weapon)
Res.Cold  : . . .   Warding    : .   a - +0 robe
Life Prot.: + . .   Conserve   : .   (no shield)
Res.Poison: +       Res.Corr.  : .   (no helmet)
Res.Elec. : +       Clarity    : .   i - +0 cloak
Sust.Abil.: . .     Spirit.Shd : .   (no gloves)
Res.Mut.  : .       Stasis     : .   (no boots)
Res.Rott. : +       Flight     : .   (no amulet)
Saprovore : . . .                    (no ring)
                                     (no ring)

@: not resistant to hostile enchantments, fairly stealthy
A: fangs 1, talons 2, life protection 1, electricity resistance, slow metabolism
1, unbreathing, petrification resistance, AC +3
a: no special abilities


You escaped.
You were near starving.

You visited 1 branch of the dungeon, and saw 4 of its levels.

You collected 146 gold pieces.

Inventory:

Armour
 a - a +0 robe (worn)
 i - a +0 cloak (worn)
Comestibles
 c - 4 bread rations
 f - a pear
 n - 11 strawberries
 s - a meat ration
Scrolls
 g - 4 scrolls of identify {unknown}
 h - a scroll of curse armour {unknown}
 l - 2 scrolls of blinking {unknown}
 m - a scroll of enchant armour {unknown}
 r - a scroll of fog {unknown}
 t - a scroll of teleportation {unknown}
Potions
 d - 3 potions of brilliance {unknown}
 e - a potion of paralysis {unknown}
 j - 2 potions of slowing {unknown}
 k - a potion of curing {unknown}
 o - 2 potions of heal wounds {unknown}
 p - a potion of beneficial mutation {unknown}
Books
 b - a book of Frost

   Spells                             Type                      Level
   *Freeze                            Ice                          1
   *Throw Frost                       Conjuration/Ice              2
   Ozocubu's Armour                   Charms/Ice                   3
   Throw Icicle                       Conjuration/Ice              4
   Summon Ice Beast                   Ice/Summoning                4
   Condensation Shield                Ice                          4


   Skills:
 + Level 0.2 Fighting
 + Level 2.2 Dodging
 + Level 2.5 Stealth
 + Level 0.2 Unarmed Combat
 + Level 1.8 Spellcasting
 + Level 1.1 Conjurations
 * Level 3.5 Ice Magic


You had 2 spell levels left.
You knew the following spells:

 Your Spells              Type           Power        Failure   Level  Hunger
a - Freeze                Ice            ##..         6%          1    ##.....
b - Throw Frost           Conj/Ice       #.....       14%         2    ###....


Dungeon Overview and Level Annotations

Branches:
Dungeon (4/27)
 Temple: D:4-7

Altars:
Trog

Annotations:
D:3 bronies4ever's ghost, average DjWz


Innate Abilities, Weirdness & Mutations

You are resistant to torment.
You are immune to poison.
Your stone body is very resilient (AC +3).
You have very sharp teeth.
You have razor-sharp toenails.
You resist negative energy.
You are resistant to electric shocks.
You have a slow metabolism.
You can survive without breathing.
You are immune to petrification.


Message History

No target in view!
No target in view!
You see here a spear.
Found a scratched glass ring.
There is a stone staircase leading up here.
You climb upwards.
There is a stone staircase leading down here.
There is a stone staircase leading up here.
You climb upwards.
There is a stone staircase leading down here.
You are near starving!
Unknown command.
Unknown command.
Unknown command.
Unknown command.
There is a stone staircase leading down here.
There is an open door here.
There is a staircase leading out of the dungeon here.
Are you sure you want to leave the Dungeon?
This will make you lose the game!
You have escaped!

.# #.##.## #.# #..# .# #.##..#
#.# #..# .# ######.#######.# #..#
.# ##≈§§§#'#§§§§##.# #.)#
[#########≈≈§§§#.#§§§§§#.# #..#
.........#§≈#§§#.#§§#§§#.# #..#
.#########≈§§§≈#.#§§§§§#.# #..#
.# #§§≈≈≈#.#§§§§§#.# #..# .#
#§§§§≈#@#§§§§§#.# #..#
.#########§≈§§§#.#≈≈≈≈§#.#####..#
.........#≈§#§ #.# ≈#§≈#........#
.#########§≈≈§§#.#§≈§§≈#.######.#
.# §§§#.#≈≈§ #.# #.# .#
########## #.# #.# .#
#.##.....####.######.# .#
#.##..>............... .#
#.######.####.####....


There were no monsters in sight!

Vanquished Creatures
  An adder (D:2)
  2 oozes
  2 ball pythons
  2 giant cockroaches
  9 goblins
  2 hobgoblins (D:2)
  3 jackals (D:2)
  11 bats
  5 kobolds
  8 rats
45 creatures vanquished.

Notes
Turn   | Place    | Note
--------------------------------------------------------------
     0 | D:1      | Malachi, the Gargoyle Ice Elementalist, began the quest for the Orb.
     0 | D:1      | Reached XP level 1. HP: 10/10 MP: 3/3
   337 | D:1      | Reached XP level 2. HP: 9/15 MP: 0/4
  1371 | D:2      | Reached XP level 3. HP: 19/19 MP: 0/6
  1518 | D:2      | Upgraded the game from 0.13-a0-3073-ga7cf4ae to 0.13-a0-3076-g221303f
  2566 | D:2      | Found a bloodstained altar of Trog.
  2576 | D:2      | Learned a level 2 spell: Throw Frost
  2741 | D:3      | Noticed bronies4ever's ghost (average DjWz)
  3147 | D:$      | Got out of the dungeon alive.

Action                   || total
-------------------------++-------
Melee: Unarmed           ||   115
 Cast: Freeze            ||    48
       Throw Frost       ||     6
